[Event "4NCL 2021-22"]
[Site "England"]
[Date "2022.04.30"]
[Round "7.64"]
[White "Khoury, Theo"]
[Black "Stewart, Ashley"]
[Result "0-1"]
[ECO "C11"]
[WhiteElo "2011"]
[BlackElo "2062"]
[Annotator "TA"]
[PlyCount "94"]
[EventDate "2021.11.27"]
[EventType "team-tourn"]
[EventCountry "ENG"]
[SourceTitle "playchess.com"]
[Source "ChessBase"]
[SourceQuality "1"]
[TimeControl "40/6000+30:3000+30"]

1. e4 e6 2. d4 d5 3. Nc3 Nf6 4. e5 Nfd7 5. Nce2 c5 6. c3 Nc6 7. Nf3 a5 {[%emt 0:00:17] C11: French: Classical System: 4 e5 and 4 Bg5 dxe4.} 8. a4 Qb6 9. g3 Be7 {[%emt 0:02:08] The position is equal.} 10. Bg2 O-O 11. O-O Qa6 12. Re1 b5 {[%emt 0:02:11] [#]} 13. Bg5 $146 ({Predecessor:} 13. axb5 Qxb5 14. dxc5 Bxc5 15. b4 Bb6 16. Ned4 Nxd4 17. Nxd4 Qc4 18. Ra3 Bb7 19. bxa5 Rxa5 {0-1 (42) Beukes,D (2284)-Amin,B (2701) Lilongwe 2021}) 13... Rb8 14. Qc2 h6 15. Bxe7 Nxe7 16. Nf4 bxa4 17. Rxa4 Qb5 18. Rea1 Nc6 19. R4a2 Nb6 (19... Qb6 $15) 20. g4 (20. Bf1 $14 Nc4 21. Nd3) 20... cxd4 $1 $11 21. Bf1 (21. cxd4 $2 Nb4 22. Qc5 Qxc5 23. dxc5 Nxa2 24. Rxa2 Nc4 $19) (21. Nxd4 $11 {keeps the balance.} Qc5 22. Qd1 (22. Nxc6 Qxc6 23. h3 a4 $11) 22... Nxe5 23. Rxa5) 21... Nc4 $17 22. Nxd4 Qb6 23. Nxc6 Qxc6 24. Re1 Qb6 {[%emt 0:05:14] Inhibits b3.} 25. Bd3 Ba6 ({But not} 25... Nxb2 26. Rb1 Qc7 27. Rbxb2 $16 (27. Raxb2 Rxb2 28. Qxb2 Qxe5 $16)) 26. Qe2 Rfc8 (26... g6 $15) 27. Kh1 (27. g5 $11 hxg5 28. Nh3) 27... Qc6 28. Rg1 (28. f3 $17) 28... d4+ $1 $19 29. f3 dxc3 30. bxc3 Bb7 31. Be4 Qc5 32. Nd3 Qe3 33. Qxe3 Nxe3 34. Bxb7 Rxb7 35. Rxa5 Rxc3 36. Nf4 (36. Nc5 $17 Rb8 37. Nd7) 36... g6 (36... Rb2 $19 {is more deadly. Strongly threatening ...Rcc2.} 37. Raa1 Kh7) 37. h4 (37. Rga1 $17 {might work better.}) 37... Rc2 (37... Rb4 $1 $19 38. Ra8+ Kg7 39. Nxe6+ fxe6 40. Ra7+ Kg8 41. Ra8+ Kf7 42. Ra7+ Kg8 43. Ra8+ Kh7 44. Ra7+ Kh8 45. Ra8+ Kh7 46. Ra7+ Kh8 47. Ra8+ Kh7) 38. Ra8+ (38. Ra3 $17 {was worth a try.} Nc4 39. Ra8+ Kh7 40. Rg2 Rc1+ 41. Rg1 Rxg1+ 42. Kxg1) 38... Kh7 39. Nd3 {[%emt 0:01:24] Against Rbb2} (39. Rga1 $142) 39... Re2 (39... Rb3 $19 {has better winning chances.} 40. Ne1 Re2) 40. Rc1 (40. Ra3 $17) 40... Rd2 ({Better is} 40... Nd5 $1 $19 {And now ...Rb3 would win.} 41. Ra4 Re3) 41. Ne1 {[%emt 0:54:44] Rcc8 would kill now.} Re2 {[%emt 0:12:25] aiming for ...Rbb2. Black is more active.} 42. Nd3 {[%emt 0:00:00] [#] Prevents Rbb2.} Nd5 $1 43. g5 hxg5 44. hxg5 Rb3 45. Nc5 {[%emt 0:00:00] [#]} (45. Rd1 $19) 45... Rbb2 $1 {[%emt 0:04:58] Black mates.} ({Stronger than} 45... Rxf3 46. Nd7 $17) 46. Nxe6 Rh2+ 47. Kg1 Rbg2+ {[%emt 0:00:09] Weighted Error Value: White=0.44/Black=0.21 (precise)} 0-1

[Event "4NCL 2021-22"]
[Site "England"]
[Date "2022.04.30"]
[Round "7.65"]
[White "Reimanis, Ritvars"]
[Black "Cherniaev, Alexander"]
[Result "1/2-1/2"]
[ECO "A40"]
[WhiteElo "2515"]
[BlackElo "2407"]
[Annotator "TA"]
[PlyCount "30"]
[EventDate "2021.11.27"]
[EventType "team-tourn"]
[EventCountry "ENG"]
[SourceTitle "playchess.com"]
[Source "ChessBase"]
[SourceQuality "1"]
[TimeControl "40/6000+30:3000+30"]

1. d4 e6 2. c4 b6 3. Nf3 Bb7 4. g3 Bb4+ 5. Bd2 Bxf3 6. exf3 Bxd2+ 7. Qxd2 ({Don't play} 7. Kxd2 Nc6 8. d5 Nd4 $15) 7... Ne7 {[%emt 0:00:57] A40: Unusual replies to 1 d4.} 8. Bg2 {[%emt 0:26:04] 8.Nc3 gains popularity.} d5 9. cxd5 exd5 {[%emt 0:00:08] The position is equal.} 10. Nc3 {[%emt 0:01:04] White is slightly better.} O-O 11. O-O Qd6 12. Rac1 {[%emt 0:00:39] [#] Hoping for Nb5.} c6 {[%emt 0:00:08] Against Nb5} 13. Rfe1 {[%emt 0:13:58] [#]} Nd7 $146 ({Predecessor:} 13... Re8 14. Nd1 Na6 15. Ne3 Nc7 16. f4 Qd7 17. Qd3 Nb5 18. Bf3 Nd6 19. Bg4 f5 20. Bh3 g6 21. f3 Rf8 22. Kf2 Rae8 23. Bf1 Rf6 24. Rc2 Re6 25. Rce2 {½-½ (25) Soto,C (2100)-Gawehns,K (2376) Liape email 2002}) 14. Bh3 {[%emt 0:05:08] Black must now prevent Qf4.} Nf6 15. Re3 Rfe8 {[%emt 0:00:19] Weighted Error Value: White=0.05 (flawless) /Black=0.09 (flawless)} 1/2-1/2

[Event "4NCL 2021-22"]
[Site "England"]
[Date "2022.04.30"]
[Round "7.66"]
[White "Rocco, Federico"]
[Black "Pein, Malcolm"]
[Result "1/2-1/2"]
[ECO "B09"]
[WhiteElo "2221"]
[BlackElo "2308"]
[Annotator "TA"]
[PlyCount "82"]
[EventDate "2021.11.27"]
[EventType "team-tourn"]
[EventCountry "ENG"]
[SourceTitle "playchess.com"]
[Source "ChessBase"]
[SourceQuality "1"]
[TimeControl "40/6000+30:3000+30"]

1. e4 d6 2. d4 Nf6 3. Nc3 g6 4. f4 Bg7 5. Nf3 O-O 6. Bd3 Na6 7. O-O c5 8. d5 Rb8 9. a4 Bg4 10. h3 Bxf3 11. Rxf3 Nc7 12. Qe2 {[%emt 0:02:13] [#]} Nd7 $146 {[%emt 0:09:55] B09: Pirc Defence: Austrian Attack.} ({Predecessor:} 12... b6 13. Bc4 Nd7 14. Bd2 Qc8 15. Raf1 a6 16. e5 dxe5 17. f5 e4 18. Nxe4 Ne5 19. fxg6 hxg6 20. d6 exd6 {1-0 (38) Farkas,R (2297)-Vegh,E (2274) Budapest 2016}) 13. Nb5 a6 14. Na3 e6 {[%emt 0:10:02] White has an edge.} 15. dxe6 fxe6 16. c3 d5 17. Be3 Qe7 (17... c4 $5 18. Bb1 b5 $11) 18. Raf1 (18. a5 $14) 18... c4 $11 19. Bb1 b5 20. exd5 exd5 (20... Nxd5 $5 21. axb5 axb5 $11) 21. Qe1 ({White should try} 21. axb5 $14 axb5 22. Nc2) 21... b4 (21... bxa4 $5 22. Qd2 Bh6 $15) 22. Nc2 bxc3 23. bxc3 Rb2 {[%emt 0:12:29] aiming for ...Rfb8.} 24. Nd4 Qd6 $2 (24... Bxd4 $11 25. Bxd4 Qxe1 26. Rxe1 Re8) 25. f5 (25. Qc1 $1 $18 Rfb8 26. Bc2) 25... Ne5 $16 26. R3f2 Rxf2 27. Qxf2 {[%emt 0:01:04] And now Qg3 would win.} Qd7 (27... Nd7 $16) 28. Qh4 ({Better is} 28. Qg3 $1 $18) 28... Bf6 {[%emt 0:05:49] [#]} (28... Nd3 $16 {was worth a try.}) 29. fxg6 $1 Nxg6 {[%emt 0:02:08] [#]} (29... Bxh4 $2 30. gxh7+ Qxh7 31. Bxh7+ Kg7 32. Bh6+ $1 Kxh6 33. Rxf8 $18) 30. Qh5 Qe8 {[%emt 0:00:41] [#]} 31. Bf4 {[%emt 0:00:39] 0x0.0022a15d1185dp-1022s more active pieces.} ({Don't play} 31. Qh6 $6 Bg7 32. Qg5 (32. Rxf8+ Nxf8 33. Qf4 Nce6 $14) 32... Rxf1+ 33. Kxf1 Qxa4 $14) ({White should play} 31. Bf2 $1 $16) 31... Ne6 $2 (31... Bxd4+ $11 {and Black is okay.} 32. cxd4 Qf7 33. Bxg6 hxg6) 32. Bxg6 $2 (32. Nxe6 $18 Qxe6 33. Bxg6 Bd4+ 34. cxd4 hxg6 35. Qd1) 32... hxg6 {[%emt 0:00:19] The position is equal.} 33. Qxd5 Bxd4+ 34. cxd4 {[%emt 0:00:09][%cal Of1e1] Strongly threatening Re1!} Qf7 35. g3 g5 36. Re1 Nxf4 37. Qxf7+ Rxf7 38. gxf4 Rxf4 39. d5 Rd4 40. Re6 Rxd5 {[%emt 0:00:47] Threatens to win with ...Rc5.} 41. Rc6 {[%emt 0:50:13] Prevents Rc5.} c3 {[%emt 0:13:45] Blacks defense is rewarded with a draw.  Weighted Error Value: White=0.42/Black=0.49} 1/2-1/2

[Event "4NCL 2021-22"]
[Site "England"]
[Date "2022.04.30"]
[Round "7.67"]
[White "Cyfka, Karina"]
[Black "Smith, Andrew Philip"]
[Result "1-0"]
[ECO "A73"]
[WhiteElo "2403"]
[BlackElo "2226"]
[Annotator "TA"]
[PlyCount "69"]
[EventDate "2021.11.27"]
[EventType "team-tourn"]
[EventCountry "ENG"]
[SourceTitle "playchess.com"]
[Source "ChessBase"]
[SourceQuality "1"]
[TimeControl "40/6000+30:3000+30"]

1. d4 Nf6 2. c4 c5 3. d5 e6 4. Nc3 exd5 5. cxd5 d6 6. Nf3 g6 7. Nd2 Nbd7 8. e4 Bg7 9. Be2 O-O 10. O-O Ne8 11. a4 {[%emt 0:04:24] A73: Modern Benoni: Classical: Unusual Black 9th moves.} a6 12. Qc2 Rb8 {[%emt 0:01:17] [#]} 13. f4 $146 {[%emt 0:04:13] White is slightly better.} ({Predecessor:} 13. Nc4 Ne5 14. Ne3 f5 15. f4 Ng4 16. Nxg4 fxg4 17. Be3 Nc7 18. a5 b5 19. axb6 Rxb6 20. Rad1 Rb4 21. e5 Bf5 22. Qc1 Nb5 23. Nxb5 axb5 24. Rfe1 g5 25. Bf1 gxf4 26. Bxf4 {1-0 (26) Korobov,A (2511)-Janssen,R (2476) Moscow 2002}) 13... f5 14. exf5 gxf5 15. Ra3 (15. Bd3 $14) 15... Ndf6 16. a5 Nc7 17. Bc4 Bd7 18. Rb3 {[%emt 0:04:36] Inhibits Nb5.} Ng4 {[%emt 0:13:58][%cal Og4h2] [#] Hoping for ...Nxh2!} 19. Nf3 Bd4+ (19... Na8 $11) 20. Kh1 (20. Nxd4 $142 cxd4 21. Ne2) 20... Ne3 (20... Bg7 $16 {was necessary.}) 21. Bxe3 $18 Bxe3 22. Ng5 Bd4 23. Rb6 Rf6 24. Qe2 Bxc3 (24... Na8 $16 {was worth a try.}) 25. bxc3 {[%emt 0:00:19] Threatens to win with Ne6.} Bb5 26. Ne6 (26. Bxb5 $6 axb5 27. Re1 (27. Qh5 Qe7 $16) 27... Qd7 $16) 26... Qe7 {[%emt 0:05:25] [#]} (26... Nxe6 $142 27. Bxb5 (27. dxe6 Bxc4 28. Qxc4 Qe7 $16) 27... Nxf4 28. Rxf4 axb5) 27. Nxc7 $1 ({Don't take} 27. Bxb5 $6 Nxb5 28. Qd3 Nc7) 27... Qxe2 28. Bxe2 Bxe2 29. Re1 Bd3 30. Ne8 Rg6 31. Nxd6 {[%emt 0:01:26] Black must now prevent c4.} Rd8 (31... Be4 {might work better.} 32. Nxe4 Rxb6) 32. Re6 Be4 $2 (32... c4 33. Rxg6+ (33. Nxb7 Rxd5 34. Rxg6+ hxg6 $18) 33... hxg6) 33. Nxe4 {[%emt 0:02:30] aiming for Nf6+. White is clearly winning.} fxe4 34. c4 Rxe6 35. Rxe6 {[%emt 0:00:07] Weighted Error Value: White=0.10 (very precise) /Black=0.46} 1-0

[Event "4NCL 2021-22"]
[Site "England"]
[Date "2022.04.30"]
[Round "7.68"]
[White "Stoica, Savas Marin"]
[Black "Pein, Jonathan"]
[Result "0-1"]
[ECO "B01"]
[WhiteElo "2129"]
[BlackElo "2229"]
[Annotator "TA"]
[PlyCount "108"]
[EventDate "2021.11.27"]
[EventType "team-tourn"]
[EventCountry "ENG"]
[SourceTitle "playchess.com"]
[Source "ChessBase"]
[SourceQuality "1"]
[TimeControl "40/6000+30:3000+30"]

1. e4 d5 2. exd5 Qxd5 3. Nc3 Qa5 4. d4 c6 5. Nf3 Bf5 6. Bc4 e6 7. O-O Nf6 8. Bd2 Qc7 $1 {[%emt 0:00:08] 8...Qc7 is better than 8...Nbd7.} 9. Re1 Bd6 {[%emt 0:00:49] B01: Scandinavian Defence.} 10. Ne5 O-O 11. Bb3 Nbd7 {[%emt 0:01:05][%cal Rd7e5] The position is equal.} 12. Qe2 a6 {[%emt 0:01:40] [#]} 13. Rad1 $146 ({Predecessor:} 13. h3 c5 14. Nxd7 Qxd7 15. dxc5 Bxc5 16. Bg5 Be7 17. Qf3 Qc7 18. Bf4 Qc6 19. Qxc6 bxc6 {1-0 (37) Reyes Rios,J (2059)-Benjumea Rave,J (1600) Medellin 2015}) 13... b5 14. Bf4 Nb6 15. Bg3 Nbd5 16. Nxd5 cxd5 17. a4 bxa4 18. Bxa4 Rfb8 19. Bb3 (19. c4 $11 dxc4 20. Bc6) 19... a5 $17 {[%emt 0:01:03] And now ...a4 would win.} 20. Ra1 Rb4 21. Ra4 Rab8 {[%emt 0:02:35] Hoping for ...Rxa4.} 22. Rea1 h6 ({Black should play} 22... Rxa4 $15 23. Rxa4 Ne4) 23. Qa6 $2 (23. Rxa5 $11 {and White stays safe.} Rxd4 24. Ra7) 23... Rxa4 $19 24. Bxa4 Rxb2 25. Nd3 {[%emt 0:01:59] [#]} (25. c4 $142 Bxe5 26. dxe5) 25... Bxd3 $2 (25... Bxg3 $1 $19 {has better winning chances.} 26. hxg3 Bxd3 27. Qxd3 Rb4) 26. Bxd6 $17 {[%emt 0:00:11] [#] Threatens to win with Qa8+.} Bxa6 ({Better is} 26... Qd8 $1 $17 27. cxd3 Rb6) 27. Bxc7 $15 {[%emt 0:00:07] This bishop pair is nice.} Bb5 28. Bxb5 Rxb5 29. Bxa5 {[%emt 0:00:09][%mdl 4096] Endgame KRB-KRN} Rb2 30. Rc1 $1 Ne4 31. f3 Nd6 32. Kf2 $1 Nc4 33. Bc3 Ra2 34. Ke2 Ra3 35. Bb4 Ra2 36. Bc3 g5 37. h4 gxh4 38. Be1 h3 $1 39. gxh3 f6 {[%emt 0:00:50] Black is more active.} 40. Bb4 Kf7 41. f4 (41. Kd3 $15) 41... Kg6 $17 42. Kf3 (42. Rg1+ $17 Kf5 43. Kd3) 42... Kf5 $19 43. Bf8 h5 44. Bb4 Ra4 45. Rb1 Ra2 46. Rc1 Na3 47. Bxa3 Rxa3+ {[%emt 0:00:02] KR-KR} 48. c3 h4 49. Rc2 Ra1 {[%emt 0:01:51] Black is clearly winning.} 50. c4 dxc4 51. Rxc4 Ra3+ 52. Kg2 Rg3+ 53. Kh2 Rf3 54. Rc5+ Ke4 {[%emt 0:01:36] Weighted Error Value: White=0.29 (precise) /Black=0.20 (precise)} 0-1

[Event "4NCL 2021-22"]
[Site "England"]
[Date "2022.04.30"]
[Round "7.69"]
[White "Gallana, Marco"]
[Black "Josse, Mark"]
[Result "1/2-1/2"]
[ECO "D30"]
[WhiteElo "2277"]
[BlackElo "2221"]
[Annotator "TA"]
[PlyCount "166"]
[EventDate "2021.11.27"]
[EventType "team-tourn"]
[EventCountry "ENG"]
[SourceTitle "playchess.com"]
[Source "ChessBase"]
[SourceQuality "1"]
[TimeControl "40/6000+30:3000+30"]

1. d4 d5 2. c4 e6 3. Nf3 a6 4. g3 dxc4 5. Bg2 c5 6. O-O {[%emt 0:02:12] D30: Queen's Gambit Declined: Systems without Nc3.} Nc6 (6... cxd4 $1 $11 {remains equal.} 7. Nxd4 Nf6) 7. dxc5 $16 Qxd1 8. Rxd1 {[%emt 0:00:14] White is better.} Bxc5 9. Nbd2 {[%emt 0:03:15] [#]} e5 $146 ({Predecessor:} 9... Nf6 10. Nxc4 Ra7 11. Ne1 a5 12. Nd3 Be7 13. Be3 Ra6 14. Nc5 Ra8 15. Nb6 Rb8 16. Na6 bxa6 17. Bxc6+ Kf8 18. Rac1 Ng4 19. Bc5 {1-0 (19) Burmakin,V (2552)-Hillarp Persson,T (2533) Salou 2005}) 10. Nxc4 f6 11. Nfd2 Be6 {[%emt 0:06:34] [#]} 12. Ne4 $1 Bxc4 13. Nxc5 Bxe2 14. Rd6 Nge7 15. Be3 (15. Nxb7 Nd4 $11) 15... O-O (15... Nf5 $14 16. Rd7 (16. Bxc6+ bxc6 17. Rxc6 Kf7 $15) 16... Nd8) 16. Nxb7 $18 Rfc8 (16... Rac8 $142 17. Rd2 Bh5) 17. b3 (17. Rd2 $1 $18 Rab8 18. Nc5 (18. Rxe2 Rxb7 19. Rc1 Rbb8 $16)) 17... Rab8 {[%emt 0:02:06] [#]} 18. Re1 $1 Bg4 {[%emt 0:01:33] [#]} (18... Bh5 19. Bh3) 19. Nc5 {[%emt 0:00:17] 0x0.001d5fc54737dp-1022s more active pieces.} (19. h3 $1 $16 ) 19... a5 (19... Nb4 $14) 20. Nd7 (20. h3 $1 $18 Bf5 21. g4) 20... Bxd7 $16 21. Rxd7 Rd8 (21... Nf5 $142) 22. Red1 {[%emt 0:01:10] Hoping for Bc5.} Rxd7 23. Rxd7 Rd8 24. Rc7 (24. Rxd8+ $142 Nxd8 25. f4) 24... Rd1+ 25. Bf1 Kf7 26. Kg2 Ke6 $2 (26... Nd4 $16 27. Bc4+ Kf8) 27. Bc5 $1 $18 f5 28. Bc4+ Kf6 29. a4 (29. h4 $142) 29... g5 30. Bb5 {[%emt 0:02:07] A strong pair of Bishops.} Rd5 31. Bb6 (31. Bxc6 $2 Rxc5 32. Rxe7 Kxe7 $19) 31... Rd6 32. Bc5 Rd5 33. Ba3 (33. Bxc6 $2 Rxc5 34. Rxe7 Kxe7 $19) 33... Nb4 34. Bxb4 (34. Bc4 $18 {Bxb4 is the strong threat.} Rd2 35. Bc1) 34... axb4 {[%emt 0:00:07][%mdl 4096] Endgame KRB-KRN} 35. Bc4 Rd2 36. Rb7 g4 37. Rxb4 (37. a5 $16) 37... f4 $1 $14 {[%emt 0:00:16] aiming for ...f3+.} 38. gxf4 ({White should play} 38. Rb6+ $14 Kf5 39. Be6+ Kg5 40. h4+ gxh3+ 41. Bxh3) 38... exf4 $11 39. Kf1 {[%emt 0:01:00] And now a5 would win.} f3 40. Ke1 {[%emt 0:00:04] Against Rd1+} Rb2 $2 (40... Ra2 $11 {and Black is okay.}) 41. a5 $18 Ke5 42. Bd3 {[%emt 0:13:47] Prevents Rb1+.} (42. a6 $1 $18 {[%cal Ra6a7] and the rest is easy. Threatens to win with a7.} Ra2 43. Bb5) 42... Nc6 $16 43. Re4+ ({Don't take} 43. Rxg4 Nxa5 44. Re4+ (44. Bxh7 Re2+ 45. Kf1 Nxb3 $11) 44... Kd5 $16) 43... Kd5 {[%emt 0:00:44] [#]} 44. Rxg4 (44. Ra4 $142 $1) 44... Nxa5 45. Be4+ Ke5 46. Bxf3 Nxb3 47. Kf1 (47. Re4+ $16 Kf6 48. Rb4) 47... Nd2+ $11 48. Kg2 Nxf3 49. Kxf3 {[%emt 0:00:06] KR-KR} Rb3+ 50. Kg2 Kf5 51. Rg7 h6 52. f3 Ra3 53. Rg4 Rb3 54. Kg3 Rb1 55. Rf4+ Kg5 56. h4+ Kg6 57. Ra4 Rh1 58. Ra6+ Kh5 59. Ra5+ Kg6 60. Kg4 Rg1+ 61. Kf4 Rh1 62. Kg3 Rg1+ 63. Kh2 Rb1 64. h5+ Kg7 65. Kg3 Rh1 66. Rd5 Rg1+ 67. Kf4 Rh1 {[%emt 0:00:11] [#]} (67... Rf1 $11) 68. Rd7+ ({White should try} 68. Kg4 $1 $16) 68... Kf6 69. Rd6+ Kg7 $1 70. Rg6+ Kh7 $1 {[%emt 0:00:07] The position is equal.} 71. Kg4 Rg1+ 72. Kf5 Rh1 73. Kf6 {[%emt 0:00:43] Black must now prevent Rg7+.} (73. Rd6 $5 ) 73... Rxh5 74. f4 Ra5 75. Rg7+ Kh8 76. Re7 Ra6+ 77. Kf7 Ra5 78. Kf6 Ra6+ 79. Re6 Rxe6+ 80. Kxe6 {[%emt 0:00:08] White wants to mate with f5.} Kg7 81. Ke7 {[%emt 0:01:39] Threatening mate with f5.} Kg6 {[%emt 0:00:24] ( -> ...Kf5)} 82. Ke6 {[%emt 0:00:05] f5+ would kill now.} Kg7 (82... h5 {leads to mate.} 83. f5+ Kg7 84. Ke7 (84. f6+ Kf8 $11) 84... Kh7 85. f6 Kg6 86. f7 Kf5 87. f8=Q+ Ke5 88. Qh8+ Kf5 89. Qxh5+ Ke4 90. Qe2+ Kd5 91. Qe3) 83. Ke7 {[%emt 0:00:04] Intending f5 and mate.} Kg6 {[%emt 0:00:09] White really could win this.  Weighted Error Value: White=0.24 (precise) /Black=0.34} 1/2-1/2

[Event "4NCL 2021-22"]
[Site "England"]
[Date "2022.04.30"]
[Round "7.70"]
[White "Willmoth, Robert F"]
[Black "Zulfic, Fedja"]
[Result "0-1"]
[ECO "D03"]
[WhiteElo "2121"]
[BlackElo "2231"]
[Annotator "TA"]
[PlyCount "78"]
[EventDate "2021.11.27"]
[EventType "team-tourn"]
[EventCountry "ENG"]
[SourceTitle "playchess.com"]
[Source "ChessBase"]
[SourceQuality "1"]
[TimeControl "40/6000+30:3000+30"]

1. d4 Nf6 2. Nf3 g6 3. Bg5 Bg7 4. Nbd2 d5 5. e3 O-O 6. Bd3 c5 7. c3 Nc6 8. O-O Qb6 9. Rb1 Re8 10. b4 {[%emt 0:16:21] D03: 1 d4 d5 2 Nf3 Nf6 3 Bg5, including Torre Attack with early ...d5.} cxb4 11. cxb4 e5 12. dxe5 {[%emt 0:10:00] [#] The position is equal.} Ng4 $146 ({Predecessor:} 12... Nxe5 13. Nxe5 Rxe5 14. Bf4 Re8 15. h3 Be6 16. a4 Rac8 17. a5 Qd8 18. Be5 Qe7 19. Nf3 {½-½ (19) Vasile,C (2167)-Blaszczak,J ICCF email 2013}) 13. b5 Ncxe5 14. Be2 Bf5 15. Rb3 Nxf3+ 16. Bxf3 Qe6 17. Nb1 Nf6 (17... h6 {is more complex.} 18. Bxd5 Qd7 19. Bh4 Rac8) 18. Bxf6 Qxf6 19. Nc3 d4 20. exd4 Qxd4 21. Qxd4 Bxd4 22. Bxb7 Rab8 (22... Rad8 $5 ) 23. Bc6 Re5 24. Rc1 (24. Nd5 $11) 24... Be6 (24... Rd8 $15 {should be considered.}) 25. Ra3 (25. Rbb1 $11) 25... Kg7 {[%emt 0:01:22][%mdl 1024] Black has strong compensation.} 26. g3 Rd8 (26... Rc5 $17) 27. Kg2 (27. Rd1 $5 ) 27... Bc5 {[%emt 0:00:31] This bishop pair is nice.} 28. Ra4 f5 (28... Bb6 $15) 29. Rc2 $11 Bb6 30. Ne2 g5 31. h4 h6 32. f4 Re3 33. hxg5 h5 {[%emt 0:00:44] [#]} (33... Bf7 $11 {keeps the balance.}) 34. Rb4 $1 $16 Rd1 {[%emt 0:00:26] [#]} 35. Rbb2 $1 {[%emt 0:01:31] aiming for Ng1.} Ra3 (35... Red3 $16 {keeps fighting.}) 36. Bf3 $4 {[%emt 0:01:24][%mdl 8192] [#]} (36. Rd2 $18 Rxd2 37. Rxd2) 36... Rxf3 $1 $19 37. Nd4 {[%emt 0:03:19] [#]} Bxd4 $1 38. Rc7+ (38. Kxf3 Re1) 38... Bf7 {[%emt 0:00:29] ( -> ...Rfd3)} 39. Rbc2 Ra3 {[%emt 0:00:23] Weighted Error Value: White=0.55/Black=0.27 (precise)} (39... Rdd3 $142 40. Kh1 Rxg3 41. Rd7 h4 42. Rxd4 Rxd4 43. Rc7 Rd1+ 44. Kh2 Rd2+ 45. Kh1 h3 46. Rxa7 h2 47. Rxf7+ Kxf7 48. g6+ Rxg6 49. a4 Rg1#) 0-1

[Event "4NCL 2021-22"]
[Site "England"]
[Date "2022.04.30"]
[Round "7.71"]
[White "Quinn, John M"]
[Black "Pollack, Oscar"]
[Result "1/2-1/2"]
[ECO "A56"]
[WhiteElo "2206"]
[BlackElo "2140"]
[Annotator "TA"]
[PlyCount "102"]
[EventDate "2021.11.27"]
[EventType "team-tourn"]
[EventCountry "ENG"]
[SourceTitle "playchess.com"]
[Source "ChessBase"]
[SourceQuality "1"]
[TimeControl "40/6000+30:3000+30"]

1. d4 Nf6 2. c4 c5 3. d5 e5 4. Nc3 d6 5. e4 Be7 6. Be2 O-O 7. f4 {[%emt 0:07:12] A56: Czech Benoni.} exf4 8. Bxf4 Nbd7 9. Nf3 {[%emt 0:07:29] White is slightly better.} Ng4 10. O-O {[%emt 0:11:09] [#]} Bf6 $146 (10... Qb6 $11) ({Predecessor:} 10... Nge5 11. Qd2 Bf6 12. Nb5 Nxf3+ 13. gxf3 Ne5 14. Kh1 a6 15. Nc3 Ng6 16. Be3 Re8 {0-1 (49) Flores,M (1879)-Espinoza Solano,J (2054) Managua 2021}) 11. Bxd6 $16 Ne3 12. Qd3 (12. Qd2 $16 Nxf1 13. Rxf1) 12... Nxf1 $14 13. Rxf1 {[%emt 0:00:23] Hoping for e5.} (13. Bxf8 Nxh2 $1 14. Nxh2 (14. Bd6 Nxf3+ 15. Qxf3 Ne5 $17) 14... Qxf8 $15) 13... Re8 {[%emt 0:04:01] Inhibits e5.} 14. Nb5 $1 {[%emt 0:06:06] Strongly threatening Nc7.} Ne5 15. Bxe5 ({White should try} 15. Qe3 $14) 15... Bxe5 $11 16. d6 Bg4 $1 ({Don't take} 16... Bxb2 17. Nc7 Bg4 18. e5 (18. Nxa8 Qxa8 19. Kh1 h6 $14) (18. Nxe8 Qxe8 19. e5 Bxf3 $11) 18... Bxf3 19. Qxf3 $14) 17. Qd5 $1 Bf4 18. Nc7 Qxd6 (18... Be3+ $2 19. Kh1 Be6 20. Qd3 $18 (20. Qxb7 Rb8 $16)) 19. Qxd6 Bxd6 {[%emt 0:00:06] This bishop pair is nice.} 20. Nxa8 Rxa8 21. Rd1 Bf4 22. Kf2 Kf8 23. g3 Bc7 24. Ke3 (24. Ng5 $11 Bc8 25. Nxh7+ Ke7 26. Ng5) 24... Re8 $15 25. Nd2 Be6 26. Bd3 Be5 27. Nf3 {[%emt 0:00:29] Against Bd4+} Bg4 (27... Bxb2 $6 28. Rb1 Ba3 29. Rxb7) 28. Rd2 Bf6 29. Kf4 h5 30. e5 (30. Ke3 $142) 30... g5+ $1 $17 31. Ke3 Bxe5 32. Nxe5 Rxe5+ {[%emt 0:00:14][%mdl 4096] Endgame KRB-KRB} 33. Kf2 Ke7 34. Bf1 Rf5+ 35. Ke1 Bf3 36. Bd3 Re5+ 37. Kf2 g4 38. a3 Re6 39. b4 $2 (39. Bf5 Rf6 40. Bd3 (40. Rd7+ $2 Ke8 $19)) 39... Ra6 $19 40. bxc5 Rxa3 41. Ke3 Kf6 42. Kd4 {[%emt 0:00:00] [#]} Ra1 $2 (42... a5 $1 $19 {Threatens to win with ...Kg5.} 43. Rf2 Ke6) 43. Be4 $1 $15 Bxe4 44. Kxe4 {[%emt 0:00:00] KR-KR} Re1+ 45. Kd5 $1 Re5+ 46. Kd6 $1 {[%emt 0:00:00] And now Rf2+ would win.} Re6+ 47. Kd5 (47. Kd7 $11) 47... a5 (47... Re8 $1 $15 48. Rf2+ Ke7) 48. Rb2 $11 {[%emt 0:00:00] The position is equal.} Re7 49. Kd6 {[%emt 0:00:00] Inhibits Rd7+. Threatening mate with Rf2+.} Re6+ 50. Kd5 Re5+ 51. Kd6 Re6+ {[%emt 0:02:46] White happily takes the draw.  Weighted Error Value: White=0.17 (very precise) /Black=0.17 (very precise)} 1/2-1/2